 Dungeon Crawl Stone Soup version 0.22-a0-368-g870eee8 (webtiles) character file.

1255 JeffiDaFish the Geomancer (level 8, -4/41 HPs)
             Began as a Gargoyle Earth Elementalist on Apr 23, 2018.
             Slain by a large slime creature (35 damage)
             ... on level 5 of the Dungeon on Apr 24, 2018.
             The game lasted 00:13:13 (5615 turns).

JeffiDaFish the Geomancer (GrEE)                    Turns: 5615, Time: 00:13:14

Health: -4/41      AC: 11    Str: 11    XL:     8   Next: 51%
Magic:  0/17       EV: 12    Int: 19    God:
Gold:   170        SH:  0    Dex: 10    Spells: 10/19 levels left

rFire    . . .     SeeInvis .   r - staff of wizardry
rCold    . . .     Gourm    .   (no shield)
rNeg     + . .     Faith    .   c - +0 robe
rPois    ∞         Spirit   .   a - +0 helmet
rElec    +         Reflect  .   s - +0 cloak
rCorr    .         Harm     .   (no gloves)
MR       .....                  j - +1 pair of boots
Stlth    ++........             i - amulet of magic regeneration
HPRegen  0.13/turn              (no ring)
MPRegen  0.40/turn              (no ring)

@: no status effects
A: negative energy resistance 1, electricity resistance, unbreathing,
petrification resistance, rot immunity, AC +5
a: no special abilities


You were on level 5 of the Dungeon.
You were very full.

You visited 1 branch of the dungeon, and saw 5 of its levels.

You collected 252 gold pieces.
You spent 82 gold pieces at shops.

Inventory:

Hand Weapons
 e - a +2 short sword
Missiles
 b - 143 stones (quivered)
Armour
 a - a +0 helmet (worn)
 c - a +0 robe (worn)
 j - a +1 pair of boots (worn)
 n - a +0 buckler
 s - a +0 cloak (worn)
Magical Staves
 r - an uncursed staff of wizardry (weapon)
Jewellery
 i - an amulet of magic regeneration (around neck)
 l - an uncursed amulet of the gourmand
Wands
 m - a wand of clouds (5)
Scrolls
 h - a scroll of remove curse
 p - 4 scrolls of teleportation
 t - a scroll of enchant weapon
Potions
 f - 2 potions of heal wounds
 g - a potion of berserk rage
 k - a potion of curing
 o - a potion of cancellation
 q - a potion of might
Comestibles
 d - 12 rations


   Skills:
 - Level 3.0 Dodging
 - Level 2.3 Stealth
 + Level 6.3 Spellcasting
   Level 0.7 Transmutations
 + Level 8.8 Earth Magic


You had 10 spell levels left.
You knew the following spells:

 Your Spells              Type           Power        Failure   Level  Hunger
a - Sandblast             Erth           #####.       1%          1    None
b - Stone Arrow           Conj/Erth      ###...       2%          3    ##.....
c - Lee's Rapid Deconstr  Erth           #####.....   3%          5    #####..


Dungeon Overview and Level Annotations

Branches:
Dungeon (5/15)
 Temple: D:4-7

Altars:
Fedhas
Kikubaaqudgha
Qazlal
Ru
Trog
The Shining One

Shops:
D:5 ?


Innate Abilities, Weirdness & Mutations

You are resistant to torment.
Your stone body is resilient. (AC +5)
You are immune to poison.
You resist negative energy. (rN+)
You are resistant to electric shocks. (rElec)
You can survive without breathing.
You are immune to petrification.
You are immune to rotting.


Message History

Aim: a large slime creature (heavily wounded)
The blast of sand hits the large slime creature.
The large slime creature is severely wounded.
b - 144 stones The large slime creature hits you but does no damage.
Casting: Sandblast (safe; 1% risk of failure)
Confirm with . or Enter, or press ? or * to list all spells.
Aiming: Sandblast (safe; 1% risk of failure)
Press: ? - help, Shift-Dir - straight line, f/p - large slime creature
Aim: a large slime creature (severely wounded)
The blast of sand hits the large slime creature.
The large slime creature is almost dead.
b - 143 stones The large slime creature barely misses you.
The jelly quivers.
You hit the large slime creature.
The large slime creature is almost dead.
The large slime creature hits you!!
Ouch! That really hurt!
You die...

....##.....# ###########...####
.#..########
$P.P÷.J÷.##......## ...##
....J...÷##........ ####
÷P.....PJ##.......#
.÷.JJ..÷.##........
JJJ..JJP.###....>.. .P..÷J...#
###..... #######J# ###...
##.@JJJ.## #######. #.########
##....... ##..'....# #>.......
######### ####....###........
##.......# #.......##.........
#........####.......##.........
#.#.#.#/...##.......##.........
#.....)....##.......##.........
#.#.#.#....###.....#####.......


You could see a large slime creature, a jelly and 2 oozes.

Vanquished Creatures
  The ghost of sageofstar the Chiller, an amateur MfIE (D:3)
  A phantom (D:3)
  An ice beast (D:5)
  A centaur (D:5)
  3 big kobolds (D:5)
  A scorpion (D:3)
  2 howler monkeys
  An orc priest (D:5)
  4 orc wizards
  A hound (D:5)
  4 jellies (D:5)
  Crazy Yiuf (D:4)
  A centaur skeleton (D:5)
  A worker ant (D:4)
  A hound skeleton (D:5)
  4 adders
  A shadow imp (D:5)
  3 oozes
  6 worms
  3 leopard geckos
  16 orcs
  3 giant cockroaches
  7 goblins
  7 hobgoblins
  A jackal (D:2)
  10 kobolds
  3 quokkas
  4 ball pythons
  5 bats
  4 frilled lizards
  6 rats
107 creatures vanquished.

Vanquished Creatures (others)
  2 fungi (D:5)
  9 toadstools (D:5)
11 creatures vanquished.

Grand Total: 118 creatures vanquished

Notes
Turn   | Place    | Note
-------+----------+-------------------------------------------
     0 | D:1      | JeffiDaFish the Gargoyle Earth Elementalist began the quest for the Orb.
     0 | D:1      | Reached XP level 1. HP: 10/10 MP: 3/3
   179 | D:1      | Reached XP level 2. HP: 14/15 MP: 5/5
   266 | D:1      | Reached skill level 4 in Earth Magic
   874 | D:2      | Reached XP level 3. HP: 13/19 MP: 0/6
  1511 | D:2      | Found an ancient bone altar of Kikubaaqudgha.
  1513 | D:2      | Reached XP level 4. HP: 24/24 MP: 5/7
  2163 | D:3      | Noticed a phantom
  2167 | D:3      | Noticed sageofstar's ghost (amateur MfIE)
  2169 | D:3      | Learned a level 3 spell: Stone Arrow
  2174 | D:3      | Killed sageofstar's ghost
  2174 | D:3      | Reached skill level 5 in Earth Magic
  2174 | D:3      | Reached XP level 5. HP: 28/28 MP: 1/9
  2475 | D:3      | Reached XP level 6. HP: 7/32 MP: 1/11
  2734 | D:3      | Killed a phantom
  2734 | D:3      | Reached skill level 6 in Earth Magic
  3182 | D:3      | Found a sacrificial altar of Ru.
  3325 | D:3      | Found a bloodstained altar of Trog.
  3619 | D:4      | Learned a level 5 spell: Lee's Rapid Deconstruction
  3646 | D:4      | Reached XP level 7. HP: 36/36 MP: 7/13
  3676 | D:4      | Found a stormy altar of Qazlal.
  3891 | D:4      | Found a runed door.
  3895 | D:4      | Noticed Crazy Yiuf
  3898 | D:4      | Killed Crazy Yiuf
  4094 | D:5      | Entered Level 5 of the Dungeon
  4118 | D:5      | Reached skill level 7 in Earth Magic
  4263 | D:5      | Reached skill level 5 in Spellcasting
  4475 | D:5      | Reached XP level 8. HP: 28/41 MP: 3/16
  4580 | D:5      | Found a blossoming altar of Fedhas.
  4585 | D:5      | Found Liocho's Magic Scroll Shoppe.
  4598 | D:5      | Bought a scroll of enchant weapon for 82 gold pieces
  4612 | D:5      | Reached skill level 8 in Earth Magic
  5321 | D:5      | Found a glowing golden altar of the Shining One.
  5596 | D:5      | Noticed a slime creature
  5596 | D:5      | Noticed a slime creature
  5615 | D:5      | Slain by a large slime creature

Vault maps used:
D:1:      minmay_arrival_four_loops
D:2:      kennysheep_six_static_rooms, old_standard_altar
D:3:      nicolae_overflow_hidden_temple, nicolae_ru_path_of_blood
D:4:      kennysheep_mini, hangedman_abyss_or_decor_stabs,
          uniq_crazy_yiuf_cottage
D:5:      cheibrodos_fertilizer, lemuel_doored_altar, serial_glass,
          glass_columns_c, glass_columns_b, glass_columns_c, glass_columns_a,
          first_ration, serial_shops, shop, fedhas_altar_1

Skill      XL: |  1  2  3  4  5  6  7  8 |
---------------+-------------------------+-----
Earth Magic    | 4 5 6 7 8 |  8.8
Dodging        | 2 3 |  3.0
Spellcasting   | 3 4 5 6 |  6.3
Stealth        | |  2.3
Transmutations | |  0.7

Action                   |  1- 3 |  4- 6 |  7- 9 || total
-------------------------+-------+-------+-------++-------
Melee: Short sword       |    72 |    83 |       ||   155
       Staff             |       |       |    75 ||    75
 Cast: Sandblast         |    21 |    45 |    45 ||   111
       Stone Arrow       |       |     5 |    16 ||    21
       Lee's Rapid Decon |       |       |    11 ||    11
  Use: Potion            |     6 |       |       ||     6
       Scroll            |     3 |     6 |     2 ||    11
 Stab: Sleeping          |     1 |       |       ||     1
  Eat: Chunk             |     2 |    20 |     9 ||    31
Armor: Robe              |    17 |    34 |    35 ||    86
Dodge: Dodged            |    57 |    75 |    60 ||   192

Table legend:
 A = Spawn XP
 B = Non-spawn XP
 C = Spawn XP percentage of total XP
 D = Spawn monster count
 E = Non-spawn monster count
 F = Spawn count percentage of total count
 G = Total turns spent on level
                    A         B        C        D         E        F      G
               +---------+---------+-------+---------+---------+-------+---------
         Total |       0 |    1793 |   0.0 |       0 |     107 |   0.0 |  5615
               +---------+---------+-------+---------+---------+-------+---------
           D:1 |       0 |      18 |   0.0 |       0 |      13 |   0.0 |   856
           D:2 |       0 |      90 |   0.0 |       0 |      27 |   0.0 |  1407
           D:3 |       0 |     483 |   0.0 |       0 |      20 |   0.0 |  1113
           D:4 |       0 |     146 |   0.0 |       0 |       6 |   0.0 |   813
           D:5 |       0 |    1056 |   0.0 |       0 |      41 |   0.0 |  1426
               +---------+---------+-------+---------+---------+-------+---------
